Map: Ruins of Seras

Players

MorroW

  • Race: Protoss Protoss
  • League: Master

Senin - Winner!

  • Race: Zerg Zerg
  • League: Grandmaster

Event: Gauntlet LotV Series 1 Qualifier 2

VOD

Have the link to the VOD?

Description

Time

  • Played on: Dec. 5, 2015, 2:54 p.m.
  • Length: 9:12

All games in this series

Show
View Real Time Build Order
Export as new Build Order

MorroW Protoss 

Build Orders: Nexus First 

Get SALT Encoding   

  12  0:00  Probe (Chrono Boost)  
  13  0:11  Probe (Chrono Boost)  
  14  0:19  Pylon  
  14  0:22  Probe (Chrono Boost)  
  15  0:37  Probe (Chrono Boost)  
  16  0:48  Probe (Chrono Boost)  
  17  0:58  Nexus  
  17  1:08  Gateway  
  17  1:11  Probe (Chrono Boost)  
  17  1:16  Assimilator  
  18  1:22  Probe (Chrono Boost)  
  18  1:24  Assimilator  
  20  1:33  Probe (Chrono Boost)  
  20  1:43  Probe (Chrono Boost)  
  20  1:46  Gateway  
  21  1:54  Probe (Chrono Boost)  
  22  1:55  Cybernetics Core  
  22  2:04  Probe (Chrono Boost)  
  23  2:11  Probe (Chrono Boost)  
  23  2:15  Probe (Chrono Boost)  
  27  2:21  Probe (Chrono Boost)  
  28  2:25  Probe (Chrono Boost)  
  29  2:31  Pylon  
  29  2:34  Adept x2 (Chrono Boost)  
  33  2:37  Mothership Core  
  33  2:40  Warp Gate  
  33  2:49  Pylon  
  33  2:55  Forge  
  34  2:58  Probe (Chrono Boost)  
  34  3:06  Probe (Chrono Boost)  
  34  3:07  Sentry, Pylon  
  34  3:09  Probe (Chrono Boost)  
  37  3:20  Probe (Chrono Boost)  
  37  3:25  Sentry, Probe (Chrono Boost)  
  37  3:26  Pylon  
  41  3:28  Pylon  
  41  3:29  Protoss Ground Weapons Level 1 (Chrono Boost)  
  41  3:35  Probe  
  41  3:37  Probe  
  43  3:46  Probe  
  44  3:49  Probe  
  44  3:51  Pylon  
  44  3:55  Adept x2  
  49  3:56  Probe  
  49  4:01  Probe  
  51  4:03  Assimilator  
  51  4:04  Assimilator  
  51  4:07  Probe  
  52  4:14  Probe  
  53  4:17  Probe  
  54  4:26  Probe  
  54  4:27  Pylon  
  54  4:28  Probe  
  56  4:38  Probe x2  
  54  4:46  Adept x2  
  54  4:49  Probe  
  54  4:50  Probe  
  54  4:51  Gateway  
  54  4:52  Gateway  
  60  4:54  Gateway  
  60  5:01  Robotics Facility  
  60  5:02  Probe  
  61  5:07  Adept  
  61  5:08  Adept  
  61  5:12  Probe  
  61  5:13  Protoss Ground Armor Level 1 (Chrono Boost)  
  66  5:14  Probe  
  67  5:25  Probe  
  67  5:26  Probe  
  69  5:31  Nexus, Pylon  
  69  5:40  Twilight Council  
  69  5:42  Probe  
  70  5:48  Probe  
  65  6:11  Stalker  
  65  6:12  Stalker x4  
  65  6:14  Pylon  
  65  6:15  Pylon  
  65  6:18  Pylon  
  69  6:19  Robotics Bay  
  69  6:20  Pylon  
  69  6:21  Charge (Chrono Boost)  
  70  6:25  Probe x2  
  71  6:35  Stalker x2  
  71  6:37  Stalker  
  77  6:40  Immortal  
  81  6:47  Probe x2  
  83  7:01  Adept x4  
  75  7:02  Adept  
  75  7:03  Probe x2  
  79  7:12  Pylon  
  79  7:14  Disruptor, Pylon  
  79  7:17  Probe x2  
  79  7:18  Probe  
  85  7:25  Stalker x3  
  85  7:27  Sentry x2  
  85  7:29  Probe  
  96  7:32  Probe  
  96  7:33  Probe  
  96  7:34  Pylon  
  98  7:37  Pylon  
  98  7:41  Probe  
  98  7:44  Pylon  
  97  7:45  Disruptor  
  97  7:47  Probe x2  
  100  7:51  Assimilator x2  
  100  7:52  Pylon, Robotics Facility  
  100  8:07  Zealot  
  100  8:08  Zealot x4  
  100  8:12  Templar Archives  
  110  8:27  Warp Prism  
  110  8:29  Zealot x5  
  120  8:38  Pylon, Stargate  
  120  8:41  Observer  
  120  8:57  Photon Cannon  
  120  9:01  Photon Cannon  
Show
View Real Time Build Order
Export as new Build Order

Senin Zerg - Winner!

Build Orders: Pool First 

Get SALT Encoding   

  12  0:00  Drone  
  13  0:12  Overlord  
  13  0:18  Drone  
  14  0:31  Drone x2  
  14  0:34  Drone  
  17  0:45  Spawning Pool  
  17  0:49  Drone  
  17  0:56  Drone  
  18  1:14  Hatchery  
  18  1:17  Drone  
  18  1:32  Queen  
  20  1:33  Zergling x4  
  22  1:53  Hatchery  
  21  1:57  Extractor  
  20  2:07  Queen  
  22  2:11  Overlord  
  22  2:26  Drone x3  
  22  2:29  Drone  
  26  2:37  Drone x2  
  26  2:41  Drone  
  26  2:42  Drone  
  30  2:49  Drone  
  31  2:51  Drone  
  31  2:56  Metabolic Boost  
  32  3:02  Overlord  
  30  3:09  Queen  
  32  3:13  Zergling x2  
  32  3:14  Zergling x2  
  32  3:18  Zergling x2  
  32  3:19  Zergling x2  
  36  3:21  Zergling x2  
  36  3:25  Drone  
  38  3:27  Drone  
  38  3:30  Drone x2  
  38  3:32  Drone  
  42  3:35  Drone  
  42  3:38  Drone  
  42  3:40  Drone  
  45  3:42  Drone  
  45  3:44  Drone  
  47  3:48  Overlord  
  47  3:53  Overlord  
  47  3:59  Zergling x6  
  50  4:05  Roach Warren  
  50  4:06  Zergling x2  
  50  4:07  Zergling x2  
  50  4:08  Zergling x2  
  53  4:10  Zergling x2  
  53  4:11  Drone  
  53  4:13  Drone  
  53  4:16  Drone  
  53  4:17  Drone  
  57  4:23  Drone x2  
  57  4:24  Drone x3  
  61  4:27  Extractor  
  61  4:29  Drone x2  
  63  4:34  Drone x3  
  63  4:35  Drone  
  63  4:38  Drone  
  63  4:48  Drone  
  63  4:49  Drone x3  
  63  4:52  Drone x3  
  66  4:53  Drone  
  66  4:58  Extractor  
  64  5:00  Lair  
  64  5:04  Evolution Chamber  
  64  5:06  Roach  
  65  5:07  Overlord x3  
  65  5:08  Overlord  
  65  5:11  Overlord  
  65  5:13  Drone  
  66  5:17  Overlord  
  66  5:18  Overlord  
  66  5:20  Overlord  
  66  5:29  Zerg Missile Weapons Level 1  
  66  5:32  Drone x2  
  66  5:33  Extractor  
  66  5:34  Roach x5  
  79  5:35  Roach  
  79  5:37  Roach  
  79  5:40  Roach x2  
  85  5:44  Roach  
  86  5:55  Zergling x10  
  86  6:06  Zergling x10  
  86  6:11  Zergling x6  
  91  6:18  Zergling x6  
  96  6:21  Glial Reconstitution  
  96  6:23  Drone x3  
  96  6:24  Drone  
  100  6:29  Drone  
  101  6:34  Ravager x4  
  101  6:35  Ravager  
  101  6:36  Drone  
  101  6:37  Drone x4  
  111  6:41  Extractor  
  111  6:44  Drone  
  111  6:45  Extractor  
  110  6:47  Hydralisk Den  
  104  7:01  Drone  
  104  7:02  Drone x9  
  104  7:10  Ravager x3  
  104  7:11  Zergling x6  
  110  7:16  Zergling x2  
  110  7:17  Zergling x4  
  110  7:18  Hatchery  
  111  7:24  Zergling x4  
  111  7:26  Zergling x2  
  111  7:28  Ravager x3  
  116  7:35  Zergling x4  
  118  7:40  Zergling x2  
  118  7:50  Zergling x10  
  122  7:52  Overlord x3  
  122  7:53  Overlord  
  118  8:06  Zergling x2  
  118  8:07  Zergling x6  
  122  8:13  Zergling x16  
  130  8:20  Zergling x8  
  130  8:25  Spine Crawler  
  130  8:26  Spine Crawler  
  132  8:28  Spine Crawler  
  132  8:30  Zergling x6  
  136  8:42  Spore Crawler  
  136  8:43  Spore Crawler  
  136  8:44  Spore Crawler  
  136  8:45  Hydralisk  
  136  8:46  Spore Crawler, Hydralisk x7  
  148  8:48  Zergling x4  
  148  8:49  Zergling x6  
Tags
 
Add a new tag
Caveats
  • Supply blocks, unpowered buildings, or Contaminate may cause inaccurate times.
  • Supply counts are checked every 10 seconds.